 Dungeon Crawl Stone Soup version 0.22-a0-553-g9358b0b (console) character file.

62 bli the Skirmisher (level 3, 0/31 HPs)
             Began as a Draconian Wanderer on June 25, 2018.
             Slain by a goblin (2 damage)
             ... led by Robin
             ... on level 1 of the Dungeon.
             The game lasted 00:05:51 (1067 turns).

bli the Skirmisher (Draconian Wanderer)             Turns: 1067, Time: 00:05:52

Health: 0/31       AC:  5    Str: 12    XL:     3   Next: 85%
Magic:  4/4        EV: 12    Int: 15    God:
Gold:   77         SH:  0    Dex: 10    Spells: 4/4 levels left

rFire    . . .     SeeInvis .   b - +0 spear
rCold    . . .     Gourm    .   (no shield)
rNeg     . . .     Faith    .   (armour unavailable)
rPois    .         Spirit   .   (helmet restricted)
rElec    .         Reflect  .   (no cloak)
rCorr    .         Harm     .   (no gloves)
MR       .....                  (no boots)
Stlth    ++........             (no amulet)
HPRegen  0.10/turn              (no ring)
MPRegen  0.09/turn              (no ring)

@: no status effects
A: unfitting armour, cold-blooded, AC +5
a: no special abilities


You were on level 1 of the Dungeon.
You were not hungry.

You visited 1 branch of the dungeon, and saw 2 of its levels.

You collected 77 gold pieces.

Inventory:

Hand Weapons
 b - a +0 spear (weapon)
 d - a +0 dagger
Missiles
 m - 18 arrows
Scrolls
 a - a scroll of magic mapping {unknown}
 c - a scroll of teleportation
 g - a scroll of enchant armour {unknown}
 h - 3 scrolls of blinking {unknown}
Potions
 e - 2 potions of curing {unknown}
 i - a potion of mutation {unknown}
 j - a potion of heal wounds {unknown}
 l - a potion of brilliance {unknown}
Comestibles
 f - 2 rations
 k - 2 chunks of flesh


   Skills:
 * Level 3.2 Fighting
 * Level 3.0 Dodging
 + Level 2.2 Stealth
 + Level 1.0 Spellcasting
   Level 1.0 Translocations
   Level 1.0 Earth Magic
   Level 1.0 Evocations


You had 4 spell levels left.
You didn't know any spells.
Your spell library contained the following spells:

 Spells                   Type           Power        Failure   Level  Hunger
 Magic Dart               Conj           #...         24%         1    ##.....
 Conjure Flame            Conj/Fire      #.......     58%         3    ####...
 Slow                     Hex            #.......     36%         2    ###....
 Mephitic Cloud           Conj/Pois/Air  #.......     58%         3    ####...
 Blink                    Tloc           N/A          24%         2    ###....
 Call Imp                 Summ           #.......     36%         2    ###....


Dungeon Overview and Level Annotations

Branches:
Dungeon (2/15)

Altars:

Annotations:
D:2 Robin


Innate Abilities, Weirdness & Mutations

Your plain brown scales are hard. (AC +5)
You cannot fit into any form of body armour.
You are cold-blooded and may be slowed by cold attacks.


Message History

The goblin completely misses you.
You hit the goblin.
The goblin is almost dead.
The goblin barely misses you.
You closely miss the goblin.
The goblin is almost dead.
The goblin hits you.
* * * LOW HITPOINT WARNING * * *
You hit the goblin but do no damage.
Your tail-slap misses the goblin.
The goblin is almost dead.
The goblin closely misses you.
Some of the chunks of flesh in your inventory have rotted away.
You barely miss the goblin.
The goblin is almost dead.
The goblin hits you.
* * * LOW HITPOINT WARNING * * *
You barely miss the goblin.
The goblin is almost dead.
The goblin hits you.
You die...

##.............####
#...#......###....#
#####.###......# ####.#####
#.......#......# #.....##
#......>#......##########...
#.......#......♣♣PP♣########
#......g.......♣P...>.......
#.......#†.....♣.P.♣########
#.......#........♣♣♣
#.......#.)Pg..♣.♣
#.......P.P@.....#
#######.P♣♣♣P..###
#..♣♣♣P..# ##.P♣.P###
##P..## #####


You could see a goblin.

Vanquished Creatures
  A gnoll (D:1)
  An adder (D:2)
  3 dart slugs
  A leopard gecko (D:2)
  5 bats
  A giant cockroach (D:1)
  9 goblins
  3 jackals (D:1)
  A ball python (D:1)
  4 frilled lizards
  A kobold (D:2)
  7 rats
37 creatures vanquished.

Notes
Turn   | Place    | Note
-------+----------+-------------------------------------------
     0 | D:1      | bli the Draconian Wanderer began the quest for the Orb.
     0 | D:1      | bli set off with: a +0 spear, a scroll of teleportation, a +0 dagger, a ration
     0 | D:1      | Reached XP level 1. HP: 17/17 MP: 2/2
    44 | D:1      | Reached XP level 2. HP: 19/25 MP: 3/3
   660 | D:1      | Reached XP level 3. HP: 30/30 MP: 4/4
  1014 | D:2      | Noticed Robin
  1067 | D:1      | Slain by a goblin

Vault maps used:
D:1:      onia_arrival_mini_spirals, serial_forest,
          infiniplex_forest_lined_corner, infiniplex_forest_lined_corner,
          infiniplex_forest_clump_small, infiniplex_forest_lined_2,
          infiniplex_forest_straight_4, infiniplex_forest_straight_4,
          infiniplex_forest_clump_large, infiniplex_forest_lined_4_way,
          infiniplex_forest_3_way, infiniplex_forest_corner_1
D:2:      first_ration, uniq_robin

Skill      XL: |  1  2  3 |
---------------+----------+-----
Dodging        | 2 3 |  3.0
Stealth        | 2 |  2.2
Fighting       | 3 |  3.2
Spellcasting   | |  1.0
Translocations | |  1.0
Earth Magic    | |  1.0
Evocations     | |  1.0

Action                   || total
-------------------------++-------
Melee: Spear             ||   145
       Tailslap          ||     9
 Stab: Sleeping          ||     4
  Eat: Chunk             ||     1
Armor: Skin              ||    52
Dodge: Dodged            ||   106

Table legend:
 A = Spawn XP
 B = Non-spawn XP
 C = Spawn XP percentage of total XP
 D = Spawn monster count
 E = Non-spawn monster count
 F = Spawn count percentage of total count
 G = Total turns spent on level
                    A         B        C        D         E        F      G
               +---------+---------+-------+---------+---------+-------+---------
         Total |       0 |      89 |   0.0 |       0 |      37 |   0.0 |  1067
               +---------+---------+-------+---------+---------+-------+---------
           D:1 |       0 |      45 |   0.0 |       0 |      17 |   0.0 |   812
           D:2 |       0 |      44 |   0.0 |       0 |      20 |   0.0 |   255
               +---------+---------+-------+---------+---------+-------+---------
